 Dungeon Crawl Stone Soup version 0.32-a0-607-g64ea0e4219 (webtiles) character file.

Game seed: 9880164626181327972

6 sleeves the Conjurer (level 1, 0/12 HPs)
             Began as a Deep Elf Reaver on Mar 4, 2024.
             Constricted to death by a ball python (2 damage)
             ... on level 1 of the Dungeon.
             The game lasted 00:02:04 (164 turns).

sleeves the Conjurer (Deep Elf Reaver)               Turns: 164, Time: 00:02:04

Health: 0/12       AC:  3    Str:  9    XL:     1   Next: 75%
Magic:  6/6        EV:  2    Int: 17    God:
Gold:   14         SH:  0    Dex: 13    Spells: 5/6 levels left

rFire   . . .        a - +0 short sword
rCold   . . .        (no shield)
rNeg    . . .        b - +0 leather armour
rPois   .            (no helmet)
rElec   .            (no cloak)
rCorr   .            (no gloves)
SInv    .            (no boots)
Will    .....        (no amulet)
Stlth   +            (no ring)
HPRegen 0.22/turn    (no ring)
MPRegen 0.10/turn

%: no passive effects
@: constricted
A: no striking features
a: no special abilities


You were on level 1 of the Dungeon.
You visited 1 branch of the dungeon, and saw 1 of its levels.

You collected 14 gold pieces.

Inventory:

Hand Weapons
 a - a +0 short sword (weapon)
Armour
 b - a +0 leather armour (worn)
Scrolls
 c - a scroll of torment {unknown}
 e - a scroll of identify {unknown}
 f - a scroll of vulnerability {unknown}
Potions
 d - a potion of curing {unknown}


   Skills:
 - Level 1.5 Fighting
 + Level 3.2 Short Blades
 - Level 2.4 Dodging
 + Level 1.2 Stealth
 - Level 3.0 Spellcasting
 - Level 3.2 Conjurations


You had 5 spell levels left.
You knew the following spells:

 Your Spells              Type           Power      Damage    Failure   Level
a - Kiss of Death         Conj/Necr      32%        2d7       13%         1

Your spell library contained the following spells:

 Spells                   Type           Power      Damage    Failure   Level
 Momentum Strike          Conj/Tloc      16%        3d8       19%         2
 Hailstorm                Conj/Ice       8%         3d5       36%         3


Dungeon Overview and Level Annotations

Branches:
Dungeon (1/15)

Altars:


Message History

Welcome, sleeves the Deep Elf Reaver.
The Orb of Zot is coveted for many reasons.
Will you seize it for your own?
Press ? for a list of commands and other information.
Found a staircase leading out of the dungeon.
Okay, then.
Okay, then.
Found a spear.
c - a scroll labelled GATAOLIESA A giant cockroach comes into view.
A giant cockroach is nearby!
A giant cockroach is nearby!
Found a brown potion.
The helpless giant cockroach fails to defend itself.
You hit the giant cockroach.
You kill the giant cockroach!
d - a brown potion An endoplasm comes into view.
An endoplasm is nearby!
The endoplasm quivers.
The endoplasm hits you but does no damage.
You hit the endoplasm but do no damage. The endoplasm hits you.
You completely miss the endoplasm. The endoplasm barely misses you.
You barely miss the endoplasm. The endoplasm freezes you.
You are frozen.
* * * LOW HITPOINT WARNING * * *
You are too injured to fight recklessly!
You are too injured to fight recklessly!
The endoplasm attacks as it pursues you!
The endoplasm hits you.
* * * LOW HITPOINT WARNING * * *
Press: ? - help, v - describe, . - travel The floor.
Casting: Kiss of Death (safe; 13% risk of failure)
Confirm with . or Enter, or press ? or * to list all spells.
Okay, then.
Casting: Kiss of Death (safe; 13% risk of failure)
Confirm with . or Enter, or press ? or * to list all spells.
Aiming: Kiss of Death (safe; 13% risk of failure)
Press: ? - help, Shift-Dir - straight line, f - endoplasm
Aim: an endoplasm (100% to hit)
The fragment of death hits the endoplasm!
The endoplasm is drained!
You kill the endoplasm!
You feel drained.
You start resting.
Magic restored.
You start resting.
HP restored.
A kobold comes into view. It is wielding a +0 short sword.
A kobold is nearby!
A kobold is nearby!
Found 3 javelins.
The kobold shouts!
You hear an angry hiss.
The kobold hits you but does no damage.
You closely miss the kobold.
The kobold hits you with a +0 short sword.
You hit the kobold but do no damage. The kobold barely misses you.
You barely miss the kobold. The kobold closely misses you.
You hit the kobold.
The kobold is heavily wounded.
A ball python comes into view.
You barely miss the kobold.
The kobold is heavily wounded.
The ball python hisses angrily.
The kobold barely misses you.
You hit the kobold but do no damage.
The kobold is heavily wounded.
The kobold hits you with a +0 short sword.
You hit the kobold.
You kill the kobold!
Your Stealth skill increases to level 1!
You are too injured to fight recklessly!
You are too injured to fight recklessly!
You are too injured to fight recklessly!
You are too injured to fight recklessly!
You hit the ball python.
You kill the ball python!
You start resting.
HP restored.
Things that are here:
a +0 short sword; a ball python corpse You see here 3 javelins.
e - a scroll labelled BOT IFOUCIHIHO You now have 7 gold pieces.
f - a scroll labelled JYAPOG RUESKIO A quokka comes into view.
You see here 7 gold pieces.
A quokka is nearby!
You closely miss the quokka.
The quokka bites you but does no damage.
You hit the quokka.
The quokka is almost dead.
The quokka barely misses you.
You barely miss the quokka.
The quokka is almost dead.
The quokka barely misses you.
You hit the quokka.
You kill the quokka!
Your life force feels restored.
You now have 14 gold pieces (gained 7).
A ball python comes into view.
A ball python is nearby!
The ball python hisses angrily.
You closely miss the ball python. You hit the ball python.
The ball python is severely wounded.
The ball python bites you. The ball python grabs you.
The ball python constricts you. The ball python bites you.
* * * LOW HITPOINT WARNING * * *
The ball python constricts you.
* * * LOW HITPOINT WARNING * * *
You are too injured to fight recklessly!
You are too injured to fight recklessly!
You are too injured to fight recklessly!
You closely miss the ball python.
The ball python is severely wounded.
The ball python barely misses you. The ball python constricts you.
You barely miss the ball python.
The ball python is moderately wounded.
The ball python bites you.
* * * LOW HITPOINT WARNING * * *
The ball python constricts you.
* * * LOW HITPOINT WARNING * * *
You hit the ball python.
The ball python is severely wounded.
You hit the ball python but do no damage.
The ball python is severely wounded.
The ball python bites you but does no damage.
The ball python constricts you.
You die...

#####.........####
#..............#
#.###.#.#####..###
###.#
#.#.........(.
...#
#.#######..###
#..# #.# #..# #..#
#.# #..# #. #.S#
#.# #..###
###.#.@# #.#
#.....
#......###.##
#.####
#...........# #.#
#.##..####..# #. #
#.#. #..# ..##.
#..# #.# #. #..#
#. .. #..# # #.
....


You could see a ball python.

Vanquished Creatures
  An endoplasm (D:1)
  A giant cockroach (D:1)
  A kobold (D:1)
  A quokka (D:1)
  A ball python (D:1)
5 creatures vanquished.

Notes
Turn   | Place    | Note
-------+----------+-------------------------------------------
     0 | D:1      | sleeves the Deep Elf Reaver began the quest for the Orb.
     0 | D:1      | Reached XP level 1. HP: 12/12 MP: 6/6
    54 | D:1      | HP: 5/12 [frozen (5)]
    93 | D:1      | Reached skill level 1 in Stealth
   160 | D:1      | HP: 6/12 [ball python (3)]
   162 | D:1      | HP: 2/12 [constriction (2)]
   164 | D:1      | Constricted to death by a ball python

Illustrated notes

Levels and vault maps discovered:
D:1:      lightli_arrival_chessboard, layout_loops_ring,
          chequers_ecumenical_altar_lobes

Skill      XL: |  1 |
---------------+----+-----
Stealth        | 1 |  1.2
Fighting       | |  1.5
Short Blades   | |  3.2
Dodging        | |  2.4
Spellcasting   | |  3.0
Conjurations   | |  3.2

Action                     || total
---------------------------++-------
  Melee: Short sword       ||    22
   Cast: Kiss of Death     ||     1
   Stab: Sleeping          ||     1
 Armour: Leather armour    ||    16
  Dodge: Dodged            ||     7

Table legend: (Time is in decaauts)
 A = Elapsed time spent in this place.
 B = Non-inter-level travel time spent in this place.
 C = Inter-level travel time spent in this place.
 D = Time resting spent in this place.
 E = Time spent auto-exploring this place.
 F = Levels seen in this place.
 G = Mean time per level.
                   A        B        C        D        E       F      G
               +--------+--------+--------+--------+--------+-----+--------+
         Total |    161 |    161 |      0 |     37 |     83 |   1 |  161.0 |
       Dungeon |    161 |    161 |      0 |     37 |     83 |   1 |  161.0 |
               +--------+--------+--------+--------+--------+-----+--------+

Top non-repeatable levels by time:
     D:1: 161 daAuts
